 Dungeon Crawl Stone Soup version 0.31.0-11-ge490571c62 (webtiles) character file.

Game seed: 5108059620988610212

7815 sanka the Grappler (level 11, -17/111 HPs)
             Began as a Troll Shapeshifter on Jan 26, 2024.
             Was a Follower of the Shining One.
             Killed from afar by a molten gargoyle (27 damage)
             ... with a bolt of magma
             ... on level 9 of the Dungeon.
             The game lasted 00:12:36 (7483 turns).

sanka the Grappler (Troll Shapeshifter)             Turns: 7483, Time: 00:12:38

Health: -17/111    AC: 10    Str: 24    XL:     11   Next: 1%
Magic:  10/13      EV: 10    Int:  6    God:    the Shining One [*.....]
Gold:   424        SH:  8    Dex: 13    Spells: 10/10 levels left

rFire   . .          .
                       - Unarmed
rCold   . . .        (no shield)
rNeg    . . .        H - +2 robe {Will+}
rPois   .            (helmet currently unavailable)
rElec   .            (cloak currently unavailable)
rCorr   .            (gloves unavailable)
SInv    .            (boots unavailable)
Will    +....        (no amulet)
Stlth   +            a - +4 ring of protection
HPRegen 1.18/turn    (no ring)
MPRegen 0.13/turn

%: no passive effects
@: divinely shielded, beast-form, glowing
A: beast (slay +4), large, unfitting armour, claws 3, regeneration 1, shaggy fur
1, tough skin 1
a: Begin Untransformation, Renounce Religion, Divine Shield


You were on level 9 of the Dungeon.
You worshipped the Shining One.
The Shining One was aware of your devotion.
You were a hulking beast.
You visited 2 branches of the dungeon, and saw 11 of its levels.

You collected 424 gold pieces.


Innate Abilities, Weirdness & Mutations

You are a hulking beast.
Your limbs bulge with bestial killing power. (Slay +4)
You are too large for most types of armour.
You have claws for hands.
Your natural rate of healing is unusually fast.
You are covered in fur. (AC +1)
You have tough skin. (AC +1)


   Skills:
 - Level 8.0 Fighting
 - Level 1.5 Dodging
 + Level 5.2 Shields
 - Level 10.0 Unarmed Combat
 - Level 5.0 Invocations
 - Level 7.0 Shapeshifting


You had 10 spell levels left.
You didn't know any spells.
Your spell library contained the following spells:

 Spells                   Type           Power      Damage    Failure   Level
 Apportation              Tloc           0%         N/A       45%         1
 Necrotise                Necr           0%         1d4       45%         1
 Sting                    Conj/Alch      0%         1d3       45%         1
 Summon Small Mammal      Summ           0%         N/A       45%         1
 Mercury Vapours          Alch/Air       0%         N/A       58%         2
 Mephitic Cloud           Conj/Alch/Air  0%         N/A       83%         3
 Leda's Liquefaction      Alch/Erth      0%         N/A       99%         4
 Olgreb's Toxic Radiance  Alch           0%         N/A       99%         4
 Freezing Cloud           Conj/Ice/Air   0%         6-21      100%        5
 Lee's Rapid Deconstruct  Erth           0%         3d4*      100%        5
 Bombard                  Conj/Erth      0%         9d1       100%        6

Inventory:

Missiles
 G - 2 curare-tipped darts {=f}
Armour
 l - a +0 tower shield
 C - a +0 cloak
 H - a +2 robe of willpower (worn)
Jewellery
 a - a +4 ring of protection (left claw)
Talismans
 c - a beast talisman
 w - a serpent talisman
 x - a maw talisman
 A - a flux talisman
Wands
 y - a wand of flame (18)
 z - a wand of acid (28)
 B - a wand of paralysis (21)
Scrolls
 d - a scroll of torment {unknown}
 e - a scroll of enchant weapon {unknown}
 i - 2 scrolls of amnesia
 m - 2 scrolls of immolation {!r}
 n - 6 scrolls of teleportation {@r4}
 q - 2 scrolls of summoning
 r - 3 scrolls of vulnerability {!r}
 t - a scroll of enchant armour {unknown}
 u - 2 scrolls of fear
 v - 2 scrolls of poison {!r}
 E - a scroll of fog {unknown}
Potions
 b - a potion of attraction {unknown}
 f - 2 potions of cancellation {unknown}
 h - 2 potions of degeneration {unknown}
 j - a potion of mutation {unknown}
 k - a potion of might {unknown}
 o - 3 potions of curing {unknown}
 p - 2 potions of invisibility {unknown}
 s - 2 potions of brilliance {unknown}
 D - 2 potions of haste {unknown}
 F - 2 potions of heal wounds {unknown}

Dungeon Overview and Level Annotations

Branches:
Dungeon (10/15)            Temple (1/1) D:4            Lair (0/5) D:8
    Orc: D:9-12

Altars:
Ashenzari
Cheibriados
Dithmenos
Elyvilon
Fedhas
Gozag
Hepliaklqana
Kikubaaqudgha
Makhleb
Nemelex Xobeh
Okawaru
Qazlal
Ru
Sif Muna
Trog
Uskayaw
Vehumet
Xom
Yredelemnul
Zin
The Shining One

Shops:
D:5 *

Annotations:
D:8 1 runed translucent door, exclusion: downstairs

▒.▒ ▒..▒ ▒.▒ ▒..▒ ▒.▒ ▒..▒
▒.▒▒▒▒▒▒▒▒▒▒▒▒▒▒▒▒▒▒▒..▒▒▒▒▒▒▒
▒.............................
▒.............................
▒▒▒▒▒▒▒▒▒▒▒▒▒▒▒▒▒▒▒▒▒▒........
▒.............................
▒............h...............<
▒..[.........8...........▒▒▒▒▒
▒.▒▒▒▒▒▒▒▒▒▒▒▒▒▒▒▒▒▒▒▒▒..▒▒▒▒▒
▒.............................
▒.............(...............
▒.▒▒▒▒▒▒▒▒▒▒▒...▒▒▒▒▒▒▒▒▒▒▒▒▒▒
▒.▒ ▒...▒
▒.▒▒▒▒▒▒▒▒▒▒▒...▒▒▒▒▒▒▒▒▒▒▒▒▒▒
▒.............................


You could see a molten gargoyle.


Message History

You are engulfed in flames!
* * * LOW HITPOINT WARNING * * *
You claw the molten gargoyle!
The molten gargoyle is moderately damaged.
The molten gargoyle closely misses you.
You scratch the molten gargoyle but do no damage.
The molten gargoyle is moderately damaged.
You block the molten gargoyle's attack.
You claw the molten gargoyle!
The molten gargoyle is heavily damaged.
You scratch the molten gargoyle but do no damage.
The molten gargoyle is heavily damaged.
The molten gargoyle hits you with a +0 mace!
* * * LOW HITPOINT WARNING * * *
You are engulfed in flames!
* * * LOW HITPOINT WARNING * * *
You scratch the molten gargoyle but do no damage.
The molten gargoyle is heavily damaged.
The molten gargoyle hits you with a +0 mace!
* * * LOW HITPOINT WARNING * * *
You are engulfed in flames!
* * * LOW HITPOINT WARNING * * *
You scratch the molten gargoyle.
The molten gargoyle is severely damaged.
The molten gargoyle misses you.
You scratch the molten gargoyle but do no damage.
The molten gargoyle is severely damaged.
The molten gargoyle blasts magma at you!
The bolt of magma hits you!!
You die...

Action                     |  1- 3 |  4- 6 |  7- 9 | 10-12 || total
---------------------------+-------+-------+-------+-------++-------
  Melee: Unarmed           |    83 |    49 |   152 |   137 ||   421
         Punch             |     2 |       |     8 |     6 ||    16
 Invoke: Divine Shield     |       |       |       |     1 ||     1
    Use: Scroll            |       |       |       |     7 ||     7
         Potion            |       |       |       |     1 ||     1
   Stab: Sleeping          |     1 |       |       |       ||     1
         Distracted        |       |     1 |       |       ||     1
 Armour: Animal skin       |    39 |    48 |   116 |     3 ||   206
         Robe              |       |       |       |   115 ||   115
         Skin              |       |       |       |    11 ||    11
  Dodge: Dodged            |    31 |    21 |    54 |    69 ||   175
  Block: Other             |       |       |       |     1 ||     1

Levels and vault maps discovered:
D:1:      amcnicky_arrival_choice, layout_basic, serial_forest,
          infiniplex_forest_clump_small, infiniplex_forest_lined_1,
          infiniplex_forest_lined_room_, infiniplex_forest_end_3,
          infiniplex_forest_clump_double, infiniplex_forest_straight_1,
          infiniplex_forest_end_3, ebering_ecumenical_altar_sacrificial,
          st_stairs_13
D:2:      layout_loops_ring
D:3:      layout_loops_ring, chequers_serial_rivers_large_b
D:4:      layout_gridville, lemuel_doored_altar,
          minmay_temple_entry_drinking_statues, dreamdust_mushroom_princess,
          kennysheep_generic_room_3
D:5:      layout_loops_ring, nicolae_elyvilon_temple_path, st_stairs_13,
          nicolae_shop_sticking_my_neck_out, uniq_crazy_yiuf_cottage,
          uniq_pikel, uniq_ijyb, uniq_blork_the_orc
D:6:      layout_basic, chequers_temple_overflow_statue_of_worship,
          minmay_between
D:7:      layout_rooms, lemuel_coloured_pillars_altar,
          serial_library_hellmonk_h_bend, guppyfry_early_elven_hall,
          uniq_prince_ribbit1, uniq_joseph, uniq_duvessa
D:8:      layout_cave_pods, dk_yredelemnul_ordeal,
          mainiacjoe_overflow_surrounded_room, dpeg_oklobed_lair,
          minmay_sticks_and_stones
D:9:      layout_long_grid
D:10:     layout_irregular_city, mainiacjoe_overflow_concentric_impassable,
          nicolae_wu_jian_immortal_techniques, minivault_8
Temple:   nicolae_temple_god_jail

Notes
Turn   | Place    | Note
-------+----------+-------------------------------------------
     0 | D:1      | sanka the Troll Shapeshifter began the quest for the Orb.
     0 | D:1      | Reached XP level 1. HP: 18/18 MP: 0/0
    60 | D:1      | Found a faded altar of an unknown god.
   158 | D:1      | Reached skill level 1 in Fighting
   186 | D:1      | Reached XP level 2. HP: 27/27 MP: 1/1
   768 | D:2      | Reached XP level 3. HP: 33/33 MP: 2/2
  1311 | D:3      | Reached skill level 4 in Unarmed Combat
  1346 | D:3      | Noticed a bullfrog
  1348 | D:3      | Killed a bullfrog
  1349 | D:3      | Reached XP level 4. HP: 42/42 MP: 3/3
  1363 | D:3      | Reached skill level 2 in Fighting
  1363 | D:3      | Reached XP level 5. HP: 46/49 MP: 4/4
  1413 | D:3      | Noticed a black bear
  1422 | D:3      | Killed a black bear
  1423 | D:3      | Reached skill level 5 in Unarmed Combat
  1423 | D:3      | Reached skill level 4 in Shapeshifting
  1505 | D:3      | Noticed a sky beast
  1520 | D:3      | Killed a sky beast
  1521 | D:3      | Reached XP level 6. HP: 54/59 MP: 5/5
  2291 | D:4      | Found a radiant altar of Vehumet.
  2377 | D:4      | Reached skill level 3 in Fighting
  2377 | D:4      | Reached skill level 6 in Unarmed Combat
  2377 | D:4      | Reached XP level 7. HP: 59/67 MP: 6/6
  2545 | D:4      | Found a staircase to the Ecumenical Temple.
  2559 | Temple   | Entered the Ecumenical Temple
  2578 | Temple   | Became a worshipper of the Shining One
  2764 | D:5      | Entered Level 5 of the Dungeon
  2824 | D:5      | Noticed Blork the orc
  2831 | D:5      | Killed Blork the orc
  2832 | D:5      | Reached skill level 7 in Unarmed Combat
  2832 | D:5      | Reached skill level 5 in Shapeshifting
  2898 | D:5      | Reached XP level 8. HP: 78/78 MP: 7/7
  3092 | D:5      | Found Negisypo's Neck Hole.
  3175 | D:5      | Noticed Ijyb
  3188 | D:5      | Killed Ijyb
  3237 | D:5      | Reached skill level 4 in Fighting
  3312 | D:5      | Noticed Pikel
  3322 | D:5      | Paralysed by Pikel for 3 turns
  3326 | D:5      | Killed Pikel
  3327 | D:5      | Reached skill level 8 in Unarmed Combat
  3453 | D:5      | Found a white marble altar of Elyvilon.
  3529 | D:5      | Found a runed translucent door.
  3530 | D:5      | Noticed Crazy Yiuf
  3625 | D:5      | Killed Crazy Yiuf
  3696 | D:6      | Reached skill level 6 in Shapeshifting
  3804 | D:6      | Reached skill level 9 in Unarmed Combat
  3804 | D:6      | Reached XP level 9. HP: 87/87 MP: 8/8
  3811 | D:6      | Found a hide-covered altar of Uskayaw.
  3811 | D:6      | Found a sparkling altar of Nemelex Xobeh.
  3847 | D:6      | Reached skill level 5 in Fighting
  4694 | D:7      | Noticed Joseph
  4704 | D:7      | Killed Joseph
  4862 | D:7      | Noticed a deep elf pyromancer
  4871 | D:7      | Killed a deep elf pyromancer
  4872 | D:7      | Reached skill level 6 in Fighting
  4872 | D:7      | Reached skill level 10 in Unarmed Combat
  4872 | D:7      | Reached skill level 7 in Shapeshifting
  4989 | D:7      | Reached * piety under the Shining One
  5056 | D:7      | Noticed a manticore
  5066 | D:7      | Killed a manticore
  5067 | D:7      | Reached skill level 1 in Shields
  5067 | D:7      | Reached skill level 1 in Invocations
  5067 | D:7      | Reached XP level 10. HP: 80/100 MP: 9/9
  5084 | D:7      | Noticed Duvessa
  5095 | D:7      | Killed Duvessa
  5096 | D:7      | Noticed Dowan
  5097 | D:7      | Killed Dowan
  5122 | D:7      | Reached skill level 7 in Fighting
  5247 | D:7      | Noticed Prince Ribbit
  5259 | D:7      | Killed Prince Ribbit
  5260 | D:7      | Reached skill level 2 in Shields
  5260 | D:7      | Reached skill level 2 in Invocations
  5306 | D:7      | Found a broken altar of Ashenzari.
  5541 | D:8      | Found a shimmering blue altar of Sif Muna.
  5581 | D:8      | Noticed a two-headed ogre
  5596 | D:8      | Killed a two-headed ogre
  5597 | D:8      | Reached skill level 3 in Shields
  5597 | D:8      | Reached skill level 3 in Invocations
  5699 | D:8      | Found a staircase to the Lair.
  5964 | D:8      | Found a runed translucent door.
  5965 | D:8      | Found a basalt altar of Yredelemnul.
  6554 | D:9      | Reached skill level 4 in Shields
  6554 | D:9      | Reached skill level 4 in Invocations
  7018 | D:9      | Reached skill level 8 in Fighting
  7311 | D:10     | Entered Level 10 of the Dungeon
  7360 | D:9      | Reached skill level 5 in Shields
  7360 | D:9      | Reached skill level 5 in Invocations
  7366 | D:9      | Reached XP level 11. HP: 92/111 MP: 13/13
  7431 | D:10     | Found an opulent altar of Gozag.
  7481 | D:9      | HP: 8/111 [molten gargoyle/+0 mace (9)]
  7483 | D:9      | Killed from afar by a molten gargoyle

Vanquished Creatures
  A two-headed ogre (D:8)
  Pikel (D:5)
  A deep elf pyromancer (D:7)
  A manticore (D:7)
  Joseph (D:7)
  A yaktaur (D:8)
  Prince Ribbit (D:7)
  6 yaks (D:9)
  2 wyverns
  3 water moccasins
  An acid dragon (D:9)
  Duvessa (D:7)
  A sky beast (D:3)
  6 black bears
  3 ice beasts
  2 orc warriors
  An ogre (D:6)
  A centaur (D:7)
  A lemure (D:5)
  3 kobold brigands
  Blork the orc (D:5)
  8 bullfrogs
  3 scorpions
  Dowan (D:7)
  9 killer bees (D:9)
  3 howler monkeys
  3 bombardier beetles
  6 hounds
  2 jellies
  Crazy Yiuf (D:5)
  A gnoll bouda (D:6)
  3 orc priests
  2 iguanas (D:6)
  2 orc wizards
  Ijyb (D:5)
  8 gnolls (D:6)
  8 adders
  A shadow imp (D:7)
  A white imp (D:6)
  4 ufetubi (D:6)
  2 dart slugs
  17 orcs
  4 bats
  8 endoplasms
  3 giant cockroaches
  6 goblins
  3 hobgoblins (D:3)
  20 kobolds
  4 quokkas (D:2)
  4 ball pythons
  4 frilled lizards
  5 rats
186 creatures vanquished.
